 Dungeon Crawl Stone Soup version 0.28.0 (webtiles) character file.

Game seed: 10156483092661376935

578 Karpo the Covert (level 7, 0/25 (32) HPs)
             Began as a Spriggan Enchanter on Feb 17, 2022.
             Slain by a necrophage (4 damage)
             ... on level 5 of the Dungeon on Feb 18, 2022.
             The game lasted 00:15:16 (6960 turns).

Karpo the Covert (Spriggan Enchanter)               Turns: 6960, Time: 00:15:17

HP:   0/25 (32)     AC:  3    Str:  4    XL:     7   Next: 13%
MP:   11/14         EV: 18    Int: 19    God:
Gold: 143           SH:  0    Dex: 21    Spells: 6/14 levels left

rFire   . . .      SeeInvis +   q - +2 dagger (drain)
rCold   . . .      Faith    .   (no shield)
rNeg    . . .      Spirit   .   b - +0 robe
rPois   .          Reflect  .   (helmet restricted)
rElec   .          Harm     .   n - +0 cloak
rCorr   .          Rampage  .   (gloves unavailable)
Will    ++...                   (boots unavailable)
Stlth   ++++......              (no amulet)
HPRegen 0.08/turn               m - +6 ring of dexterity
MPRegen 0.14/turn               w - ring of willpower

@: confusing by touch, heavily drained, very quick
A: very small, no large weapons, unfitting armour, see invisible, speed 3
a: no special abilities


You were on level 5 of the Dungeon.
You visited 1 branch of the dungeon, and saw 5 of its levels.

You collected 143 gold pieces.

Inventory:

Hand Weapons
 a - a +1 dagger
 k - a +0 short sword of venom
 q - a +2 dagger of draining (weapon)
Armour
 b - a +0 robe (worn)
 n - a +0 cloak (worn)
Magical Staves
 s - a staff of earth
Jewellery
 l - a ring of fire
 m - a +6 ring of dexterity (left hand)
 p - a ring of fire
 r - a ring of protection from fire
 w - a ring of willpower (right hand)
Scrolls
 d - a scroll of immolation {unknown}
 e - a scroll of enchant weapon {unknown}
 f - a scroll of noise {unknown}
 o - 2 scrolls of teleportation
 v - a scroll of fog {unknown}
Potions
 c - a potion of invisibility
 g - 4 potions of degeneration
 h - 3 potions of flight
 i - a potion of brilliance {unknown}
 j - a potion of ambrosia {unknown}
 t - a potion of attraction {unknown}
 u - a potion of resistance {unknown}


   Skills:
 - Level 5.0 Short Blades
 - Level 2.6 Dodging
 - Level 8.0 Stealth
 - Level 4.0 Spellcasting
 + Level 5.7 Hexes


You had 6 spell levels left.
You knew the following spells:

 Your Spells              Type           Power      Damage    Failure   Level
a - Confusing Touch       Hex            25%        N/A       4%          3
b - Dazzling Flash        Conj/Hex       28%        N/A       13%         3
z - Ensorcelled Hibernat  Hex/Ice        28%        N/A       6%          2

Your spell library contained the following spells:

 Spells                   Type           Power      Damage    Failure   Level
 Tukima's Dance           Hex            25%        N/A       4%          3
 Inner Flame              Hex/Fire       14%        N/A       13%         3
 Animate Skeleton         Necr           6%         N/A       14%         1
 Foxfire                  Conj/Fire      12%        2x1d4     14%         1
 Pain                     Necr           12%        1d4       14%         1
 Conjure Flame            Conj/Fire      3%         6-21      38%         3
 Ozocubu's Armour         Ice            3%         N/A       38%         3
 Vampiric Draining        Necr           3%         2d6       38%         3
 Flame Wave               Conj/Fire      3%         2d4       80%         4
 Ozocubu's Refrigeration  Ice            1%         4d5       100%        7


Dungeon Overview and Level Annotations

Branches:
Dungeon (5/15)
 Temple: D:4-7

Altars:


Innate Abilities, Weirdness & Mutations

You are very small and have problems with some larger weapons.
You are too small for most types of armour.
You have supernaturally acute eyesight. (SInv)
You cover ground extremely quickly. (Speed+++)


Message History

You hit the necrophage.
The necrophage is severely damaged.
The necrophage barely misses you.
You barely miss the necrophage.
The necrophage is severely damaged.
The necrophage hits you.
You hit the necrophage.
The necrophage is almost destroyed.
You hit the necrophage.
The necrophage is almost destroyed.
The necrophage hits you.
Casting: Confusing Touch (quite dangerous; 4% risk of failure)
Confirm with . or Enter, or press ? or * to list all spells.
The spell is quite dangerous to miscast (4% risk of failure)!
Continue anyway? [Y]es or [N]o only, please.
The spell is quite dangerous to miscast (4% risk of failure)!
Continue anyway? [Y]es or [N]o only, please.
The spell is quite dangerous to miscast (4% risk of failure)!
Continue anyway? [Y]es or [N]o only, please.
The spell is quite dangerous to miscast (4% risk of failure)!
Continue anyway? [Y]es or [N]o only, please.
The spell is quite dangerous to miscast (4% risk of failure)!
Continue anyway? [Y]es or [N]o only, please.
The spell is quite dangerous to miscast (4% risk of failure)!
Continue anyway?
Your hands begin to glow red.
The necrophage closely misses you.
You hit the necrophage but do no damage.
The necrophage is almost destroyed.
The necrophage completely misses you.
You hit the necrophage but do no damage.
The necrophage is almost destroyed.
The necrophage hits you.
* * * LOW HITPOINT WARNING * * *
You feel drained.
* * * LOW HITPOINT WARNING * * *
You barely miss the necrophage.
The necrophage is almost destroyed.
You hit the necrophage but do no damage.
The necrophage is almost destroyed.
The necrophage hits you.
You die...

#.##.##.....#
#..†.....#
#.####...# #
#.#.# #.####
#....###
#.##...#
#.##.#.#####
#....#..@n.#
############


You could see a necrophage.

Vanquished Creatures
  An orc warrior (D:4)
  An ogre (D:4)
  3 hounds
  An orc priest (D:4)
  Terence (D:2)
  2 orc wizards (D:4)
  Robin (D:2)
  6 gnolls
  An adder (D:5)
  2 worms
  2 dart slugs (D:2)
  5 orcs
  10 ball pythons
  8 endoplasms
  5 giant cockroaches
  16 goblins
  13 hobgoblins
  8 jackals
  4 quokkas
  7 bats
  2 frilled lizards
  5 kobolds
  7 rats
111 creatures vanquished.

Notes
Turn   | Place    | Note
-------+----------+-------------------------------------------
     0 | D:1      | Karpo the Spriggan Enchanter began the quest for the Orb.
     0 | D:1      | Reached XP level 1. HP: 9/9 MP: 5/5
    68 | D:1      | Reached skill level 5 in Stealth
   109 | D:1      | Reached XP level 2. HP: 13/13 MP: 6/6
   112 | D:1      | Learned a level 2 spell: Ensorcelled Hibernation
  1384 | D:1      | Reached XP level 3. HP: 16/16 MP: 8/8
  1405 | D:1      | Learned a level 3 spell: Confusing Touch
  1550 | D:1      | Found a faded altar of an unknown god.
  1706 | D:1      | Reached skill level 6 in Stealth
  2090 | D:2      | Noticed Terence
  2208 | D:2      | Killed Terence
  2209 | D:2      | Reached XP level 4. HP: 20/21 MP: 4/9
  2768 | D:2      | Noticed Robin
  3276 | D:2      | Reached skill level 7 in Stealth
  3787 | D:2      | Killed Robin
  3788 | D:2      | Reached XP level 5. HP: 24/24 MP: 7/10
  4683 | D:4      | Noticed an ogre
  4692 | D:4      | Killed an ogre
  4693 | D:4      | Reached skill level 8 in Stealth
  4693 | D:4      | Reached XP level 6. HP: 28/28 MP: 6/11
  4743 | D:4      | Noticed an orc warrior
  4760 | D:4      | Reached skill level 5 in Short Blades
  4792 | D:5      | Entered Level 5 of the Dungeon
  4792 | D:5      | Noticed an ice beast
  6331 | D:4      | Killed an orc warrior
  6332 | D:4      | Reached skill level 5 in Hexes
  6332 | D:4      | Reached XP level 7. HP: 22/32 MP: 9/14
  6616 | D:3      | Learned a level 3 spell: Dazzling Flash
  6960 | D:5      | Slain by a necrophage

Illustrated notes

Levels and vault maps discovered:
D:1:      psy_arrival_terrarium, layout_basic,
          shapermc_ecumenical_altar_flowoftime
D:2:      layout_basic, kennysheep_cross_room, minivault_23,
          amcnicky_mini_corridor_feature, uniq_robin, uniq_terence
D:3:      layout_rooms, minivault_5, fountainhead, hex_medium
D:4:      layout_basic, st_stairs_7
D:5:      layout_basic, gammafunk_ghost_arena, uniq_pikel

Skill      XL: |  1  2  3  4  5  6 |
---------------+-------------------+-----
Stealth        | 5 6 7 8 |  8.0
Short Blades   | 2 3 4 5 |  5.0
Spellcasting   | 4 |  4.0
Hexes          | 5 |  5.7
Dodging        | |  2.6

Action                   |  1- 3 |  4- 6 |  7- 9 || total
-------------------------+-------+-------+-------++-------
Melee: Dagger            |   176 |   214 |    43 ||   433
       Punch             |     1 |     1 |     1 ||     3
 Cast: Ensorcelled Hiber |     6 |    18 |     1 ||    25
       Confusing Touch   |     1 |       |     2 ||     3
  Use: Scroll            |       |     3 |       ||     3
       Potion            |       |     2 |       ||     2
 Stab: Sleeping          |    16 |    17 |     2 ||    35
       Confused          |     2 |       |       ||     2
Armor: Robe              |    17 |    14 |     2 ||    33
Dodge: Dodged            |   157 |   144 |    17 ||   318
